[Event "Team 45 45 League T44"]
[Site "Internet Chess Club"]
[Date "2010.02.15"]
[Round "2"]
[White "tenor"]
[Black "Charlemagne"]
[Result "1-0"]
[WhiteElo "1791"]
[BlackElo "1667"]
[Opening "QGD Slav: 3.Nf3"]
[ECO "D11"]
[Time "00:30:21"]
[TimeControl "2700+45"]

1. d4 d5 2. c4 c6 3. Nf3 Nf6 4. g3 Bf5 5. Nc3 dxc4 6. a4 e6 7. Bg2 Bb4 8. O-O
Nd5 9. Bd2 Nxc3 10. bxc3 Bd6 11. Re1 Be4 12. a5 Nd7 13. Qa4 b5 14. axb6 Nxb6 15.
Qa2 O-O 16. Ng5 Bxg2 17. Kxg2 e5 18. e4 h6 19. Nf3 f6 20. Be3 exd4 21. cxd4 Qe7
22. Nd2 Qe6 23. f3 Rfc8 24. Rec1 Kf7 25. Nxc4 Nxc4 26. Qxc4 Qxc4 27. Rxc4 Rc7
28. Ra6 Rac8 29. Rca4 Ra8 30. d5 Ke7 31. dxc6 Kd8 32. Bxa7 Kc8 33. Be3 Rxa6 34.
Rxa6 Re7 35. Kf2 g5 36. Bd4 Be5 37. Ke3 Re6 38. f4 gxf4+ 39. gxf4 Bxd4+ 40. Kxd4
Rd6+ 41. Kc5 Rd2 42. Ra8+ Kc7 43. Ra7+ Kb8 44. Rf7 Rxh2 45. Rxf6 h5 46. Rh6 h4
47. Kd6 Rd2+ 48. Ke5 Rh2 49. f5 h3 50. f6 Rf2 51. Rxh3 Kc7 52. Ke6 Kxc6 53. f7
Rf4 54. e5 Kc5 55. Ke7 Re4 56. e6 Kd5 57. Rh6 Kc6 58. f8=Q Kb7 59. Qf3 Kc7 60.
Qxe4 Kb6 61. Qc4 Ka5 62. Qb3 Ka6 63. Rh1 Ka7 64. Ra1# {Black checkmated} 1-0

[Event "Team 45 45 League T44"]
[Site "Internet Chess Club"]
[Date "2010.02.12"]
[Round "2"]
[White "DuDochNicht"]
[Black "MOchess-boy"]
[Result "1-0"]
[WhiteElo "1696"]
[BlackElo "1793"]
[Opening "Scandinavian (center counter) defense"]
[ECO "B01"]
[Time "19:04:54"]
[TimeControl "2700+45"]

1. e4 d5 2. exd5 Qxd5 3. Nc3 Qa5 4. Nf3 Nf6 5. b4 Qxb4 6. a4 Qd6 7. Ba3 Qd8 8.
Bc4 Bg4 9. Bxf7+ Kxf7 10. Ne5+ Kg8 11. Nxg4 Nc6 12. O-O Nxg4 13. Qxg4 Qxd2 14.
Qe6# {Black checkmated} 1-0

[Event "Team 45 45 League T44"]
[Site "Internet Chess Club"]
[Date "2010.02.13"]
[Round "2"]
[White "civilization"]
[Black "Itzsoweezee"]
[Result "1-0"]
[WhiteElo "1644"]
[BlackElo "1532"]
[Opening "French: advance, Nimzovich system"]
[ECO "C02"]
[Time "17:10:54"]
[TimeControl "2700+45"]

1. e4 e6 2. d4 d5 3. e5 c5 4. Nf3 Nc6 5. Bd3 cxd4 6. a3 Qc7 7. Bf4 Qb6 8. b4
Nge7 9. O-O Ng6 10. Bg3 Be7 11. Nbd2 Bd7 12. Nb3 a6 13. Re1 Rc8 14. h3 Na7 15.
Nbxd4 Nb5 16. Nxb5 Bxb5 17. Bxb5+ Qxb5 18. Qd2 O-O 19. Rec1 Rc7 20. c3 Rfc8 21.
Nd4 Qb6 22. Ra2 Rc4 23. Rac2 Qd8 24. a4 Qd7 25. a5 f6 26. Nf3 Qd8 27. Qd3 fxe5
28. Nxe5 Nxe5 29. Bxe5 Bf6 30. Qe3 Bxe5 31. Qxe5 Qf6 32. Qg3 d4 33. Kf1 Rxc3 34.
Rxc3 Rxc3 35. Rxc3 dxc3 36. Qb8+ Kf7 37. Qxb7+ Kg6 38. Qe4+ Qf5 39. Qxf5+ Kxf5
40. Ke2 Ke5 41. b5 Kd6 42. b6 Kc6 43. Kd3 c2 44. Kxc2 Kb5 45. b7 Kxa5 46. b8=Q
e5 47. Kc3 e4 48. Qb4# {Black checkmated} 1-0

[Event "Team 45 45 League T44"]
[Site "Internet Chess Club"]
[Date "2010.02.15"]
[Round "2"]
[White "mfeatherston"]
[Black "MegaFish"]
[Result "1-0"]
[WhiteElo "1919"]
[BlackElo "1838"]
[Opening "Sicilian: closed"]
[ECO "B23"]
[Time "15:00:33"]
[TimeControl "2700+45"]

1. e4 c5 2. Nc3 a6 3. f4 b5 4. Nf3 Bb7 5. d3 e6 6. g3 Nc6 7. Bg2 Nf6 8. O-O Be7
9. h3 O-O 10. g4 d5 11. e5 Ne8 12. Bd2 Qc7 13. a3 Rc8 14. Rc1 b4 15. axb4 cxb4
16. Ne2 a5 17. Be3 Qb8 18. c3 Ba6 19. c4 dxc4 20. dxc4 Nc7 21. b3 Rfd8 22. Qc2
Rd7 23. Ng5 Bxg5 24. Bxc6 Bxf4 25. Nxf4 Rdd8 26. Be4 g6 27. Qf2 {Black resigns}
1-0

[Event "Team 45 45 League T44"]
[Site "Internet Chess Club"]
[Date "2010.02.16"]
[Round "2"]
[White "ILRE"]
[Black "Grenadier"]
[Result "0-1"]
[WhiteElo "1430"]
[BlackElo "1694"]
[Opening "Caro-Kann: two knights, 3...Bg4"]
[ECO "B11"]
[Time "18:14:30"]
[TimeControl "2700+45"]

1. e4 c6 2. Nc3 d5 3. Nf3 Bg4 4. h3 Bh5 5. exd5 cxd5 6. Bb5+ Nc6 7. g4 Bg6 8.
Ne5 Rc8 9. d4 e6 10. Qe2 Bb4 11. h4 Ne7 12. Bd2 O-O 13. Nxc6 Nxc6 14. Bxc6 Rxc6
15. a3 Qa5 16. O-O Be7 17. g5 Qb6 18. h5 Bf5 19. g6 Qxd4 20. gxh7+ Kxh7 21. h6
Rg8 22. Rfc1 Qh4 23. Qe5 Bd6 24. Qxg7+ Rxg7+ 25. hxg7 Bh3 {White resigns} 0-1

[Event "Team 45 45 League T44"]
[Site "Internet Chess Club"]
[Date "2010.02.15"]
[Round "2"]
[White "GoIrish"]
[Black "BrandonBee"]
[Result "1-0"]
[WhiteElo "1601"]
[BlackElo "1500"]
[Opening "Réti opening"]
[ECO "A04"]
[Time "06:33:40"]
[TimeControl "2700+45"]

1. Nf3 c5 2. g3 Nc6 3. Bg2 b6 4. O-O Bb7 5. d3 d6 6. e4 Qc7 7. Nc3 e6 8. Bf4 a6
9. Qe2 Nge7 10. Rad1 O-O-O 11. d4 cxd4 12. Nxd4 e5 13. Nxc6 Qxc6 14. Be3 f5 15.
f4 g6 16. Nd5 Nxd5 17. exd5 Qc7 18. Rd3 Qf7 19. Bxb6 Rd7 20. Rc3+ Kb8 21. Rd1 e4
22. Bf1 Bg7 23. Bd4 Rc8 24. Rb3 Bxd4+ 25. Rxd4 Ka8 26. Ra4 Rdc7 27. Qe3 Rc5 28.
Bxa6 Bxa6 29. Rxa6+ {Black resigns} 1-0

[Event "Team 45 45 League T44"]
[Site "Internet Chess Club"]
[Date "2010.02.15"]
[Round "2"]
[White "DTK"]
[Black "Freitac"]
[Result "1/2-1/2"]
[WhiteElo "2175"]
[BlackElo "2010"]
[Opening "Caro-Kann: advance variation"]
[ECO "B12"]
[Time "12:00:21"]
[TimeControl "2700+45"]

1. e4 c6 2. d4 d5 3. e5 c5 4. dxc5 e6 5. Be3 Nh6 6. c3 Nd7 7. Bb5 Nf5 8. Bd4 a6
9. Bxd7+ Bxd7 10. Nf3 Nxd4 11. cxd4 b6 12. O-O bxc5 13. Nc3 Be7 14. dxc5 Bxc5
15. Rc1 O-O 16. Nxd5 Bxf2+ 17. Rxf2 exd5 18. Qxd5 Be6 19. Qxd8 Rfxd8 20. b3 h6
21. Rd2 Rxd2 22. Nxd2 a5 23. Ne4 a4 24. Nc5 axb3 25. axb3 Rb8 26. Kf2 Rb5 27.
Rc3 Kh7 28. Nxe6 fxe6 29. Re3 Kg6 30. g4 h5 31. h3 hxg4 32. hxg4 Kg5 33. Rf3
Kxg4 34. Rg3+ Kf5 35. Rxg7 Rxb3 36. Re7 Kxe5 37. Ke2 Kd5 38. Re8 e5 39. Re7 Ke4
40. Ra7 Rb2+ 41. Ke1 Kf3 42. Ra3+ Kf4 43. Ra8 e4 44. Ra7 Kf3 45. Rf7+ Ke3 46.
Kf1 Rb1+ 47. Kg2 Kd2 48. Rd7+ Ke2 49. Re7 e3 50. Ra7 Rd1 51. Ra2+ Rd2 52. Ra1
Rb2 53. Ra3 Kd2 54. Ra1 Rc2 55. Kf3 {Game drawn by mutual agreement} 1/2-1/2

[Event "Team 45 45 League T44"]
[Site "Internet Chess Club"]
[Date "2010.02.14"]
[Round "2"]
[White "Monsoon-Smith"]
[Black "bobhill"]
[Result "1-0"]
[WhiteElo "2019"]
[BlackElo "2027"]
[Opening "QGD: Charousek (Petrosian) variation"]
[ECO "D31"]
[Time "14:03:38"]
[TimeControl "2700+45"]

1. d4 d5 2. c4 e6 3. Nc3 Be7 4. cxd5 exd5 5. Bf4 Nf6 6. e3 O-O 7. Bd3 h6 8. h3
c6 9. Nf3 Be6 10. O-O Nbd7 11. Qc2 Rc8 12. a3 c5 13. Bf5 a6 14. Rad1 b5 15. dxc5
Bxc5 16. Nd4 Bxd4 17. Rxd4 Qe7 18. Rfd1 Rfd8 19. Qb1 Nf8 20. Bg3 Rc4 21. Bh4
Rxd4 22. Rxd4 g5 23. Bg3 Ne8 24. Bc2 Qb7 25. h4 Nf6 26. hxg5 hxg5 27. Qd1 a5 28.
Qf3 N8d7 29. Bd6 Re8 30. Qg3 g4 31. Qf4 Nh5 32. Qg5+ Ng7 33. Qh6 f5 34. Rxg4
fxg4 35. Bh7+ Kh8 36. Bg6+ Kg8 37. Qh7# {Black checkmated} 1-0

[Event "Team 45 45 League T44"]
[Site "Internet Chess Club"]
[Date "2010.02.14"]
[Round "2"]
[White "Beetlejuice"]
[Black "MeanMrMustard"]
[Result "0-1"]
[WhiteElo "1847"]
[BlackElo "1917"]
[Opening "QGD Slav: 4.e3"]
[ECO "D11"]
[Time "13:00:43"]
[TimeControl "2700+45"]

1. d4 d5 2. c4 c6 3. Nf3 Nf6 4. e3 e6 5. b3 Nbd7 6. Bb2 b6 7. Nbd2 Bb7 8. Bd3
Be7 9. O-O O-O 10. e4 Nxe4 11. Nxe4 dxe4 12. Bxe4 Nf6 13. Bc2 c5 14. Qe2 Bxf3
15. Qxf3 cxd4 16. Qf4 d3 17. Rad1 Bd6 18. Be5 Bxe5 19. Qxe5 Nd7 20. Qb5 a6 21.
Qa4 b5 22. cxb5 dxc2 23. Rd2 Qc7 24. Rc1 axb5 25. Qxb5 Rxa2 26. Qxd7 Qxd7 27.
Rxd7 Rc8 28. Kf1 Rb2 29. Ke2 Rxb3 30. Kd2 Rbc3 31. Rb7 g6 32. Ra7 Kg7 33. Rb7
R3c7 34. Rb3 Rd8+ 35. Ke2 e5 36. Rb2 Rdc8 37. Kd2 Kf6 38. Rb3 Rd8+ 39. Ke2 Rd4
40. h3 h5 41. Rb2 Rdc4 42. Rb3 g5 43. Ra3 Ke6 44. Kd2 Rd7+ 45. Ke2 Kd5 46. Ra2
Rdc7 47. Kd2 Rd4+ 48. Ke2 Rdc4 49. Kd2 h4 50. Rb2 f5 51. Ra2 g4 52. Ra3 Rd4+ 53.
Ke2 Re4+ 54. Kd2 gxh3 55. gxh3 Rf4 56. Ke2 Rfc4 57. Kd2 Kd4 58. Rd3+ Ke4 59.
Re3+ Kf4 60. Rb3 Rd4+ 61. Ke2 Re4+ 62. Kd2 Rd7+ 63. Kxc2 Re2+ 64. Kb1 Rxf2 65.
Rg1 Rf3 66. Rxf3+ Kxf3 67. Kc2 f4 68. Rg4 e4 69. Rxh4 e3 70. Rh8 e2 71. Re8 Kf2
{White resigns} 0-1

[Event "Team 45 45 League T44"]
[Site "Internet Chess Club"]
[Date "2010.02.14"]
[Round "2"]
[White "lnielsen"]
[Black "room-matt"]
[Result "1/2-1/2"]
[WhiteElo "1830"]
[BlackElo "1726"]
[Opening "Vienna gambit"]
[ECO "C29"]
[Time "07:00:34"]
[TimeControl "2700+45"]

1. e4 e5 2. Nc3 Nf6 3. f4 d5 4. fxe5 Nxe4 5. d3 Nxc3 6. bxc3 d4 7. Nf3 Bc5 8.
Be2 Nc6 9. Bb2 Be6 10. cxd4 Nxd4 11. c3 Nxe2 12. Qxe2 O-O 13. d4 Bb6 14. O-O c5
15. Kh1 Rc8 16. Rfd1 cxd4 17. cxd4 Qd5 18. Ba3 Rfe8 19. Bd6 f6 20. a4 Rc6 21.
Rac1 Rxc1 22. Rxc1 Bxd4 23. Rd1 fxe5 24. Bxe5 Bg4 25. Qd3 Rxe5 26. Qxd4 Qxd4 27.
Rxd4 Bxf3 28. gxf3 b6 29. Kg2 Rg5+ 30. Kf2 a6 31. h4 Rf5 32. Ke3 Kf7 33. Ke4 Ke6
34. Rc4 Re5+ 35. Kd4 Kd6 36. Rb4 b5 37. Rb2 Rh5 38. Ke3 Rxh4 39. axb5 axb5 40.
Rxb5 Rh1 41. Kf4 Ke6 42. Kg4 Rg1+ 43. Kh4 Rf1 44. Kg4 Rg1+ 45. Kh4 {Game drawn
by mutual agreement} 1/2-1/2

[Event "Team 45 45 League T44"]
[Site "Internet Chess Club"]
[Date "2010.02.16"]
[Round "2"]
[White "adh2050"]
[Black "Oops"]
[Result "0-1"]
[WhiteElo "2004"]
[BlackElo "2109"]
[Opening "Sicilian: closed, 2...Nc6"]
[ECO "B23"]
[Time "22:01:12"]
[TimeControl "2700+45"]

1. e4 c5 2. Nc3 Nc6 3. Bb5 Nd4 4. Bc4 e6 5. f4 Ne7 6. Nf3 Nec6 7. O-O a6 8. a4
Be7 9. d3 b6 10. Be3 Nxf3+ 11. Rxf3 Bb7 12. Rh3 Nd4 13. Bxd4 cxd4 14. Ne2 d5 15.
exd5 Bxd5 16. Bxd5 Qxd5 17. Ng3 Rc8 18. Qd2 Qc6 19. Rc1 Qxa4 20. f5 O-O 21. Nh5
Qa5 22. b4 Qxf5 23. Rf1 Qg5 24. Qe2 g6 25. Rg3 Qd5 26. Nf4 Qc6 27. Qh5 Bf6 28.
Qh6 Bg7 29. Qh4 Qxc2 30. Nh5 f6 31. Nxg7 Kxg7 32. Qxd4 Qc6 33. h4 e5 34. Qe3 Qd6
35. h5 Qd4 36. h6+ Kf7 37. Qxd4 exd4 38. Rg4 Rfd8 39. Ra1 Ra8 40. Rf4 a5 41. Rc1
g5 42. Rc7+ Kg6 43. Re4 a4 44. g4 Re8 45. Rxd4 Rad8 46. Rdc4 Rxd3 47. Kf2 Kxh6
48. Rc1 Kg6 49. Rb7 Re4 50. Rxb6 Rxg4 51. Ke2 Rb3 52. Rcc6 Rf4 53. b5 a3 54. Rc7
a2 55. Ra6 Rh4 56. Rc1 Rh2+ {White resigns} 0-1

[Event "Team 45 45 League T44"]
[Site "Internet Chess Club"]
[Date "2010.02.13"]
[Round "2"]
[White "inafewminutes"]
[Black "Matusalen"]
[Result "0-1"]
[WhiteElo "1940"]
[BlackElo "2004"]
[Opening "Caro-Kann: advance variation"]
[ECO "B12"]
[Time "17:12:23"]
[TimeControl "2700+45"]

1. e4 c6 2. d4 d5 3. e5 c5 4. c3 Nc6 5. Ne2 Bg4 6. f3 Bf5 7. Ng3 Bxb1 8. Rxb1
cxd4 9. cxd4 e6 10. a3 Qb6 11. Ne2 Nge7 12. g4 h5 13. h3 hxg4 14. fxg4 Ng6 15.
Bg5 Nh4 16. Bxh4 Rxh4 17. b4 Be7 18. Qd2 a5 19. b5 Bxa3 20. Qe3 Bb4+ 21. Kf2 Ne7
22. Rc1 a4 23. Kg3 Rh8 24. Nf4 g6 25. Nd3 Qa5 26. Be2 Bd2 27. Qf3 Bxc1 28. Rxc1
b6 29. Qf6 Rh7 30. Nf4 Rc8 31. Rf1 Kd7 32. Bd3 Rc3 33. Kg2 Rxd3 34. Nxd3 Qd2+
35. Nf2 a3 36. Rd1 Qb2 37. Qf4 Qxb5 38. Qc1 Qa5 39. Qa1 Rh8 40. Rd3 Ra8 41. Rf3
Ke8 42. Nd3 Qd2+ 43. Kg3 a2 44. Ne1 Qxe1+ 45. Qxe1 a1=Q 46. Qf2 Ra2 47. Qe3 Qb2
48. Kh4 Qd2 49. Qb3 g5+ 50. Kh5 Qc2 51. Qb5+ Kf8 52. Kxg5 Qg6+ 53. Kh4 Qh6+ 54.
Kg3 Ng6 55. Rxf7+ Kxf7 56. Qd7+ Ne7 57. h4 Qe3# {White checkmated} 0-1

[Event "Team 45 45 League T44"]
[Site "Internet Chess Club"]
[Date "2010.02.11"]
[Round "2"]
[White "Chatica"]
[Black "Chris2p2"]
[Result "1-0"]
[WhiteElo "1965"]
[BlackElo "1764"]
[Opening "Blackmar-Diemer: Euwe defense"]
[ECO "B01"]
[Time "22:07:27"]
[TimeControl "2700+45"]

1. e4 d5 2. d4 dxe4 3. Nc3 Nf6 4. f3 exf3 5. Nxf3 e6 6. Bg5 Be7 7. Bd3 c6 8. O-O
Nbd7 9. Qe1 Nb6 10. Rd1 Bd7 11. Qh4 Qc7 12. Ne5 h6 13. Ne4 Nbd5 14. c4 Nxe4 15.
Bxe7 Nxe7 16. Rxf7 Nf5 17. Qxe4 O-O-O 18. c5 Rhf8 19. Rxf8 Rxf8 20. b4 Rd8 21.
Bc4 Re8 22. g4 Nh4 23. Rf1 Qd8 24. Nf7 {Black resigns} 1-0

[Event "Team 45 45 League T44"]
[Site "Internet Chess Club"]
[Date "2010.02.14"]
[Round "2"]
[White "whiskeytown"]
[Black "MisticKnights"]
[Result "0-1"]
[WhiteElo "1409"]
[BlackElo "1941"]
[Opening "French: Steinitz variation"]
[ECO "C11"]
[Time "16:05:34"]
[TimeControl "2700+45"]

1. e4 e6 2. d4 d5 3. Nc3 Nf6 4. e5 Nfd7 5. Nge2 c5 6. Be3 Nc6 7. Ng3 cxd4 8.
Bxd4 Nxd4 9. Qxd4 Bc5 10. Qf4 Qb6 11. O-O-O Bxf2 12. Kb1 O-O 13. Bb5 Be3 14. Qh4
Nxe5 15. Rhe1 d4 16. Bd3 Nxd3 17. Rxd3 dxc3 18. Rxc3 Bd2 19. Rb3 Qxb3 20. axb3
Bxe1 21. Qg4 e5 22. Qg5 Bxg3 23. Qxg3 Re8 24. h4 Bf5 25. Qf3 e4 26. Qxf5 e3 27.
Qf1 e2 28. Qe1 Rad8 29. Kc1 Rd4 30. g3 Rg4 31. Kd2 Rd8+ 32. Kc3 Re4 33. b4 Rd1
{White resigns} 0-1

[Event "Team 45 45 League T44"]
[Site "Internet Chess Club"]
[Date "2010.02.14"]
[Round "2"]
[White "Despair"]
[Black "TerryMalloy"]
[Result "1/2-1/2"]
[WhiteElo "1934"]
[BlackElo "2057"]
[Opening "Benko's opening"]
[ECO "A00"]
[Time "19:03:11"]
[TimeControl "2700+45"]

1. g3 g6 2. c3 Bg7 3. d4 d5 4. Bg2 Nf6 5. Nf3 c6 6. Nbd2 O-O 7. O-O Nbd7 8. b4
e5 9. dxe5 Ng4 10. Qb3 a5 11. a4 axb4 12. cxb4 Ndxe5 13. Bb2 Be6 14. Nd4 Qd7 15.
h3 Nh6 16. Nxe6 fxe6 17. Qc3 Nf3+ 18. Qxf3 Rxf3 19. Bxg7 Qxg7 20. Nxf3 Qb2 21.
b5 c5 22. e3 Nf7 23. Rfb1 Qf6 24. a5 b6 25. a6 Nd6 26. Ra2 Ra7 27. Rc2 Nc4 28.
Rbc1 Na3 29. Rc3 Nxb5 30. Rb3 Nc7 31. Rxb6 Nxa6 32. Ne1 Nb4 33. Rb5 Ra2 34. f4
Qb2 35. Rbxc5 Qf2+ 36. Kh2 Na6 37. Rc8+ Kg7 38. R1c2 Rxc2 39. Nxc2 h5 40. Rc6
Kf6 41. Nd4 Nc5 42. Rxc5 Qxe3 43. Nxe6 Qxe6 44. h4 Qe2 {Game drawn by mutual
agreement} 1/2-1/2

[Event "Team 45 45 League T44"]
[Site "Internet Chess Club"]
[Date "2010.02.17"]
[Round "2"]
[White "alexdb"]
[Black "matein7"]
[Result "1-0"]
[WhiteElo "1986"]
[BlackElo "1796"]
[Opening "Scandinavian defense"]
[ECO "B01"]
[Time "19:02:01"]
[TimeControl "2700+45"]

1. e4 d5 2. exd5 Nf6 3. Nf3 Nxd5 4. d4 Bg4 5. h3 Bh5 6. c4 Nb6 7. Nc3 e6 8. g4
Bg6 9. Ne5 N8d7 10. Nxg6 hxg6 11. c5 Nd5 12. Nxd5 exd5 13. Qb3 Qe7+ 14. Be3 Qe4
15. Rg1 O-O-O 16. Bg2 Qe7 17. Bxd5 c6 18. Bxf7 Rxh3 19. Bxg6 Kb8 20. g5 Ka8 21.
O-O-O Nb8 22. Bf5 Rh2 23. Qe6 Qc7 24. Rh1 Rxh1 25. Rxh1 Na6 26. a3 Qb8 27. Qe4
Re8 28. Qf3 Qd8 29. Bg6 Rxe3 30. fxe3 Be7 31. Be4 Bxg5 32. Bxc6 Bxe3+ 33. Qxe3
bxc6 34. Re1 Nc7 35. Qe4 Qf6 36. Qe5 Qh6+ 37. Kb1 Kb7 38. Re3 Qh1+ 39. Ka2 Qd5+
40. Qxd5 Nxd5 41. Rg3 Ka6 42. Rxg7 Ka5 43. Rxa7+ Kb5 44. Kb3 Nc3 45. Rb7+ Ka6
46. Rb6+ Ka5 47. Kxc3 {Black resigns} 1-0

[Event "Team 45 45 League T44"]
[Site "Internet Chess Club"]
[Date "2010.02.15"]
[Round "2"]
[White "ChessyNessy"]
[Black "talfischerman"]
[Result "1-0"]
[WhiteElo "1955"]
[BlackElo "1591"]
[Opening "Ponziani opening"]
[ECO "C44"]
[Time "20:06:32"]
[TimeControl "2700+45"]

1. e4 e5 2. Nf3 Nc6 3. c3 d5 4. Bb5 dxe4 5. Nxe5 Qg5 6. Nxc6 Qxb5 7. Nd4 Qg5 8.
Kf1 Bg4 9. Qa4+ Bd7 10. Qb3 O-O-O 11. Qxf7 Nh6 12. Qb3 Bc5 13. Ne2 Rhf8 14. d4
exd3 15. Bxg5 Rxf2+ 16. Ke1 Rxe2+ 17. Kd1 Ng4 18. Bxd8 Nf2+ 19. Kc1 Be3+ 20. Nd2
Bxd2+ 21. Kb1 Nxh1 22. Bh4 Be1 23. Qg8+ Be8 24. Qxg7 Bxh4 25. Qg4+ Bd7 26. Qxh4
d2 27. Kc2 Bf5+ 28. Kb3 Nf2 29. Qd4 Be6+ 30. Ka3 Ne4 31. Rf1 Nd6 32. Qd3 Bc4 33.
Qxh7 b6 34. Rd1 Rxg2 35. Qh3+ Nf5 36. Qxg2 Ne3 37. Qh3+ {Black resigns} 1-0

[Event "Team 45 45 League T44"]
[Site "Internet Chess Club"]
[Date "2010.02.14"]
[Round "2"]
[White "KnightofMercy"]
[Black "Mater"]
[Result "1-0"]
[WhiteElo "1639"]
[BlackElo "1598"]
[Opening "English opening"]
[ECO "A10"]
[Time "13:30:24"]
[TimeControl "2700+45"]

1. c4 b6 2. g3 Bb7 3. Nf3 Nf6 4. Bg2 g6 5. Nc3 Bg7 6. O-O O-O 7. d3 d6 8. e4
Nbd7 9. Bf4 h6 10. Qd2 Kh7 11. Rac1 Nh5 12. Be3 Ne5 13. Nxe5 Bxe5 14. Bxh6 Bg7
15. Bxg7 Kxg7 16. g4 Nf6 17. e5 Nxg4 18. Bxb7 Rb8 19. Qe2 Nxe5 20. Bg2 Rh8 21.
d4 Nd7 22. Rce1 e6 23. Ne4 Qh4 24. h3 Rh5 25. Qg4 Qe7 26. Ng3 Rg5 27. Qe4 e5 28.
Re3 Rh8 29. f4 Nf6 30. Qf3 e4 31. fxg5 exf3 32. Rxe7 {Black resigns} 1-0

[Event "Team 45 45 League T44"]
[Site "Internet Chess Club"]
[Date "2010.02.15"]
[Round "2"]
[White "frank001"]
[Black "Wheels"]
[Result "1/2-1/2"]
[WhiteElo "1814"]
[BlackElo "1961"]
[Opening "Sicilian: Najdorf, Zagreb (fianchetto) variation"]
[ECO "B91"]
[Time "23:00:28"]
[TimeControl "2700+45"]

1. e4 c5 2. Nf3 d6 3. d4 cxd4 4. Nxd4 Nf6 5. Nc3 a6 6. g3 e5 7. Nde2 Be6 8. Bg2
Be7 9. O-O O-O 10. a4 Nbd7 11. h3 Qc7 12. Be3 Nc5 13. f4 exf4 14. gxf4 Rac8 15.
Rc1 Bd7 16. Nd4 Nxa4 17. Nxa4 Bxa4 18. b3 Bd7 19. Kh1 Qa5 20. Rg1 Qh5 21. Qf1
Rc3 22. Re1 Ng4 23. Bd2 Rcc8 24. Bf3 Qxh3+ 25. Qxh3 Nf2+ 26. Kg2 Nxh3 27. Rh1
Bf6 28. e5 dxe5 29. fxe5 Bg5 30. Bxg5 Nxg5 31. Bxb7 Rcd8 32. Bxa6 {Game drawn by
mutual agreement} 1/2-1/2

[Event "Team 45 45 League T44"]
[Site "Internet Chess Club"]
[Date "2010.02.10"]
[Round "2"]
[White "Philly-Boy"]
[Black "eSeM"]
[Result "0-1"]
[WhiteElo "1850"]
[BlackElo "1853"]
[Opening "Trompowsky attack (Ruth, Opocenský opening)"]
[ECO "A45"]
[Time "13:03:11"]
[TimeControl "2700+45"]

1. d4 Nf6 2. Bg5 d5 3. Bxf6 exf6 4. e3 Bd6 5. Nd2 O-O 6. Ngf3 c6 7. Bd3 Re8 8.
c3 Bg4 9. h3 Bh5 10. g4 Bg6 11. Qc2 Qa5 12. h4 Bxd3 13. Qxd3 Nd7 14. h5 Rac8 15.
Qf5 Re6 16. g5 Qb5 17. O-O-O Rce8 18. Rdg1 Qa6 19. Kb1 R8e7 20. g6 fxg6 21. hxg6
h6 22. Rh3 Qe2 23. Rxh6 gxh6 24. Qh5 Qxf2 25. Qxh6 Qxe3 26. Qh5 Qd3+ 27. Kc1 Bf4
28. Qh4 Bxd2+ 29. Nxd2 Re2 30. Rd1 Qxg6 31. Qh1 Qd3 32. Rg1+ Rg7 33. Rd1 Rgg2
34. Qh5 Rxd2 35. Qe8+ Nf8 {White resigns} 0-1

[Event "Team 45 45 League T44"]
[Site "Internet Chess Club"]
[Date "2010.02.13"]
[Round "2"]
[White "jjmolina"]
[Black "Fuzzie"]
[Result "1/2-1/2"]
[WhiteElo "1707"]
[BlackElo "1743"]
[Opening "Pirc: classical system, 5.Be2"]
[ECO "B07"]
[Time "11:17:08"]
[TimeControl "2700+45"]

1. e4 d6 2. Nc3 Nf6 3. d4 g6 4. Be2 Bg7 5. Nf3 O-O 6. O-O e5 7. dxe5 dxe5 8.
Qxd8 Rxd8 9. Bg5 Re8 10. b3 c6 11. Rfd1 h6 12. Be3 Ng4 13. Bd2 Nd7 14. b4 Nb6
15. Bd3 f5 16. Nh4 g5 17. Nf3 Nf6 18. Re1 f4 19. Ne2 Bg4 20. a4 Rad8 21. Bc3
Bxf3 22. gxf3 Nfd7 23. Red1 Nf8 24. a5 Nc8 25. Bc4+ Kh7 26. Bf7 Rxd1+ 27. Rxd1
Re7 28. Bb3 a6 29. Bb2 Na7 30. Ba3 Rd7 31. Rxd7 Nxd7 32. Kf1 Nb5 33. Bb2 Nc7 34.
c4 Kg6 35. c5 {Game drawn by mutual agreement} 1/2-1/2

[Event "Team 45 45 League T44"]
[Site "Internet Chess Club"]
[Date "2010.02.14"]
[Round "2"]
[White "SquAREA51"]
[Black "Orichas"]
[Result "0-1"]
[WhiteElo "1559"]
[BlackElo "1600"]
[Opening "Petrov three knights game"]
[ECO "C42"]
[Time "14:04:08"]
[TimeControl "2700+45"]

1. e4 e5 2. Nf3 Nf6 3. Nc3 Bb4 4. d3 d5 5. exd5 Nxd5 6. Bd2 O-O 7. Nxd5 Bxd2+ 8.
Qxd2 Qxd5 9. Be2 Nc6 10. c4 Qd6 11. O-O h6 12. h3 Be6 13. Rad1 Rad8 14. Qc3 Nd4
15. Nxd4 exd4 16. Qa5 Qb6 17. Qxb6 axb6 18. Bf3 c6 19. Rfe1 Rd7 20. g4 Re8 21.
Be4 Rde7 22. f3 g6 23. f4 Bxc4 24. dxc4 Rxe4 25. Rf1 c5 26. Rd2 Re1 27. Rxe1
Rxe1+ 28. Kf2 Re3 29. Re2 Rxh3 30. Re8+ Kg7 31. Kg2 Rd3 32. Re7 Rd2+ 33. Kf3
Rxb2 34. Rxb7 Rxa2 35. Rxb6 Ra4 36. Rc6 Rxc4 37. Ke4 {White resigns} 0-1